 Dungeon Crawl Stone Soup version 0.20.0-10-g0535bb4 (webtiles) character file.

18 Gorglomux the Magician (level 2, 0/24 HPs)
             Began as a Formicid Wizard on June 7, 2017.
             Slain by Robin
             ... wielding a +0 trident
              (8 damage)
             ... on level 2 of the Dungeon.
             The game lasted 00:01:57 (1008 turns).

Gorglomux the Magician (Formicid Wizard)            Turns: 1008, Time: 00:01:57

Health: 0/24       AC:  3    Str:  9    XL:     2   Next: 90%
Magic:  6/6        EV: 17    Int: 17    God:
Gold:   48         SH:  0    Dex: 14    Spells: 6/7 levels left

rFire    . . .     SeeInvis +   g - +0 whip
rCold    + + .     Gourm    .   (no shield)
rNeg     + . .     Faith    .   a - +0 robe
rPois    +         Spirit   .   (helmet unavailable)
rElec    +         Reflect  .   (no cloak)
rCorr    +         Harm     .   (no gloves)
MR       .....                  e - +0 pair of boots
Stlth    +++.......             (no amulet)
Regen    0.1/turn               m - ring of positive energy
MPRegen  0.1/turn               B - ring of ice

@: agile, resistant
A: permanent stasis, dig shafts and tunnels, four strong arms, antennae 3,
robust 1, weak 1
a: Dig, Shaft Self


You were on level 2 of the Dungeon.
You were hungry.

You visited 1 branch of the dungeon, and saw 2 of its levels.

You collected 48 gold pieces.

Inventory:

Hand Weapons
 g - a +0 whip (weapon)
Armour
 a - a +0 robe (worn)
 e - a +0 pair of boots (worn)
Jewellery
 m - a ring of positive energy (left hand)
 B - a ring of ice (right hand)
Scrolls
 d - a scroll of identify {unknown}
 h - a scroll of fog {unknown}
 i - a scroll of blinking {unknown}
Books
 b - a book of Minor Magic

   Spells                             Type                      Level
   a - Magic Dart                     Conjuration                  1
   b - Blink                          Translocation                2
   c - Call Imp                       Summoning                    2
   d - Slow                           Hexes                        2
   e - Conjure Flame                  Conjuration/Fire             3
   f - Mephitic Cloud                 Conjuration/Poison/Air       3
Comestibles
 c - 2 bread rations
 j - a chunk of flesh
 z - a meat ration


   Skills:
 + Level 1.9 Fighting
 + Level 1.2 Maces & Flails
 - Level 1.7 Dodging
 - Level 2.4 Stealth
 - Level 3.2 Spellcasting
 - Level 0.8 Conjurations
   Level 1.0 Summonings
   Level 0.8 Translocations


You had 6 spell levels left.
You knew the following spells:

 Your Spells              Type           Power        Failure   Level  Hunger
a - Magic Dart            Conj           #...         12%         1    None


Dungeon Overview and Level Annotations

Branches:
Dungeon (2/15)

Altars:

Annotations:
D:2 Robin


Innate Abilities, Weirdness & Mutations

You cannot be hasted, slowed, berserked, paralysed or teleported.
You can dig through walls and to a lower floor.
Your four strong arms can wield two-handed weapons with a shield.
You have a pair of large antennae on your head. (SInv)
You are robust. (+10% HP)
You are weak. (Str -2)


Message History

You hit Robin but do no damage.
Robin is moderately wounded.
Robin roars a battlecry!
Robin hits you but does no damage.
You hear a shout!
You hit Robin.
Robin is heavily wounded.
You barely miss Robin.
Robin is heavily wounded.
Robin misses you.
You hit Robin but do no damage.
Robin is heavily wounded.
Robin closely misses you.
You barely miss Robin.
Robin is heavily wounded.
Robin hits you but does no damage.
You hit Robin but do no damage.
Robin is heavily wounded.
Robin hits you with a trident!
You die...

#.........#
#.........#
#.........#
#...<.....#
#.........#
#.........#
#{{{......#
###.{.{.....+
##@#.{.{{...s#
#g####.######.gl.
##{##{#### .#..
#..g{...?# .
#.###........ {
#. #........ { #.
#........ { #.
#........ #.
####+####


You could see Robin.

Vanquished Creatures
  A worm (D:1)
  4 bats (D:1)
  2 giant cockroaches
  3 goblins
  2 kobolds (D:1)
  3 rats (D:1)
15 creatures vanquished.

Notes
Turn   | Place    | Note
-------+----------+-------------------------------------------
     0 | D:1      | Gorglomux the Formicid Wizard began the quest for the Orb.
     0 | D:1      | Reached XP level 1. HP: 13/13 MP: 4/4
   264 | D:1      | Reached skill level 1 in Fighting
   501 | D:1      | Reached XP level 2. HP: 21/21 MP: 4/6
   721 | D:1      | Reached skill level 1 in Maces & Flails
   974 | D:2      | Noticed Robin
   995 | D:2      | Gained mutation: Your muscles are strong. (Str +2) [potion of mutation]
   995 | D:2      | Lost mutation: Your muscles are strong. (Str +2) [potion of mutation]
   995 | D:2      | Gained mutation: You are weak. (Str -2) [potion of mutation]
   995 | D:2      | Gained mutation: You are robust. (+10% HP) [potion of mutation]
  1008 | D:2      | Slain by Robin

Skill      XL: |  1  2 |
---------------+-------+-----
Fighting       | 1 |  1.9
Maces & Flails | 1 |  1.2
Dodging        | |  1.7
Stealth        | |  2.4
Spellcasting   | |  3.2
Conjurations   | |  0.8
Summonings     | |  1.0
Translocations | |  0.8

Action                   || total
-------------------------++-------
Melee: Whip              ||    53
       Unarmed           ||    12
 Cast: Magic Dart        ||    26
 Abil: Dig               ||     2
  Use: Potion            ||     3
Armor: Robe              ||    10
Dodge: Dodged            ||    43
